 Dungeon Crawl Stone Soup version 0.31.0-11-ge490571c62 (webtiles) character file.

Game seed: 17932044903679486389

1557 Ruich the Zephyrmancer (level 8, 0/43 HPs)
             Began as a Tengu Air Elementalist on Jan 28, 2024.
             Was a Believer of Lugonu.
             Succumbed to a killer bee's poison
             ... on level 5 of the Dungeon.
             The game lasted 00:26:48 (7036 turns).

Ruich the Zephyrmancer (Tengu Air Elementalist)     Turns: 7036, Time: 00:26:48

Health: 0/43       AC:  3    Str: 10    XL:     8   Next: 88%
Magic:  6/15       EV: 17    Int: 15    God:    Lugonu [**....]
Gold:   332        SH:  0    Dex: 16    Spells: 5/15 levels left

rFire   . . .        q - +0 dagger (venom)
rCold   . . .        (no shield)
rNeg    . . .        a - +1 robe
rPois   .            (helmet restricted)
rElec   .            (no cloak)
rCorr   .            (no gloves)
SInv    .            (boots unavailable)
Will    .....        (no amulet)
Stlth   +++          (no ring)
HPRegen 0.27/turn    (no ring)
MPRegen 0.14/turn

%: acrobat
@: lethally poisoned (0 -> -3), flying, very slightly contaminated
A: beak, talons 3, evasive flight, acrobatic
a: Renounce Religion, Depart the Abyss, Banish


You were on level 5 of the Dungeon.
You worshipped Lugonu.
Lugonu was pleased with you.
You visited 1 branch of the dungeon, and saw 5 of its levels.
You also visited: Sewer.

You collected 332 gold pieces.


Innate Abilities, Weirdness & Mutations

You have a beak for a mouth.
You have claws for feet.
Your magical flight helps you evade attacks. (EV +4)
You can magically evade attacks while moving or waiting.


   Skills:
 + Level 1.5 Fighting
 + Level 3.0 Dodging
 - Level 4.7 Stealth
 - Level 4.2 Spellcasting
 - Level 5.4 Conjurations
 * Level 9.2 Air Magic
 + Level 3.5 Invocations


You had 5 spell levels left.
You knew the following spells:

 Your Spells              Type           Power      Damage    Failure   Level
a - Airstrike             Air            15%        2d(3-19)  3%          4
i - Swiftness             Air            31%        N/A       1%          3
t - Static Discharge      Conj/Air       50%        3-6/arc   1%          2
z - Shock                 Conj/Air       100%       1d9       1%          1

Your spell library contained the following spells:

 Spells                   Type           Power      Damage    Failure   Level
 Magic Dart               Conj           76%        1d6       1%          1
 Momentum Strike          Conj/Tloc      22%        3d8       9%          2
 Blink                    Tloc           6%         N/A       26%         2
 Call Imp                 Summ           6%         N/A       26%         2
 Lesser Beckoning         Tloc           6%         N/A       26%         2

Inventory:

Hand Weapons
 q - a +0 dagger of venom (weapon)
Missiles
 k - 2 throwing nets {=f}
Armour
 a - a +1 robe (worn)
Jewellery
 F - a ring of fire
Wands
 n - a wand of mindburst (9)
 p - a wand of digging (7)
Scrolls
 c - a scroll of enchant armour
 j - 3 scrolls of teleportation {@r2}
 l - a scroll of vulnerability {unknown}
 m - a scroll of blinking
 r - 3 scrolls of identify {unknown}
 s - a scroll of fog
Potions
 d - 4 potions of curing {@q1}
 e - a potion of attraction {unknown}
 f - a potion of ambrosia {unknown}
 g - 3 potions of haste {unknown}
 h - 2 potions of enlightenment {unknown}
 i - a potion of heal wounds {unknown}
 o - a potion of mutation {unknown}

Dungeon Overview and Level Annotations

Branches:
Dungeon (5/15)              Sewer (visited)
 Temple: D:4-7

Altars:
Fedhas
Lugonu

Shops:
D:2 ?

Annotations:
Abyss:1 Menkaure, Sigmund

...#......## #.... #.
####...# ......#
#..##..... .) #..# .....##
#........ o. .##
#...#####.#....
............#
....#####...## ....#
##..#..####
....###...##....####
.##..#..#.#####.@yy####.#§
###....##.# ####$.....§.
#...####.# ##.......
##.#..# #.# .......
##.#### #.# ......#
...######.# ......#
#.........# #######
########### #


You could see 2 killer bees.


Message History

Press: ? - help, Shift-Dir - straight line, f/p - killer bee
Aim: a killer bee (severely wounded, 48% to hit)
The zap hits the killer bee!
The killer bee is almost dead.
The zap misses the killer bee.
You feel sick. The killer bee stings you.
* * * LOW HITPOINT WARNING * * *
The killer bee stings you!
* * * LOW HITPOINT WARNING * * *
Unknown command.
Unknown command.
Unknown command.
Unknown command.
You hit the killer bee but do no damage.
The killer bee is poisoned.
The killer bee is almost dead.
* * * LOW HITPOINT WARNING * * *
You feel sick.
You kill the killer bee!
Lugonu accepts your kill. The killer bee barely misses you.
Your Dodging skill increases to level 3!
You miss the killer bee. You claw the killer bee.
Your peck misses the killer bee.
The killer bee is severely wounded.
* * * LOW HITPOINT WARNING * * *
You feel sick. The killer bee misses you. x2
You hit the killer bee.
The killer bee is poisoned.
Your kick misses the killer bee.
The killer bee is almost dead.
You die...

Skill      XL: |  1  2  3  4  5  6  7  8 |
---------------+-------------------------+-----
Conjurations   | 2 3 4 5 |  5.4
Air Magic      | 5 6 7 9 |  9.2
Invocations    | 1 2 3 |  3.5
Stealth        | 3 4 |  4.7
Spellcasting   | 3 4 |  4.2
Fighting       | 1 |  1.5
Dodging        | 3 |  3.0

Action                     |  1- 3 |  4- 6 |  7- 9 || total
---------------------------+-------+-------+-------++-------
  Melee: Hand axe          |     2 |       |       ||     2
         Dagger            |     2 |     7 |     4 ||    13
         Kick              |     1 |     3 |     1 ||     5
         Peck              |       |     1 |       ||     1
   Cast: Shock             |    34 |   163 |    73 ||   270
         Static Discharge  |    23 |    17 |    20 ||    60
         Swiftness         |       |       |     1 ||     1
         Airstrike         |       |       |     2 ||     2
 Invoke: Banish            |       |       |     7 ||     7
    Use: Scroll            |       |     4 |       ||     4
         Potion            |       |       |     2 ||     2
 Armour: Robe              |    47 |    39 |    38 ||   124
  Dodge: Dodged            |    52 |    23 |    51 ||   126

Levels and vault maps discovered:
D:1:      amcnicky_arrival_choice, layout_basic, hex_intersection, st_stairs_6
D:2:      layout_basic, dreamdust_ecumenical_altar_hidden_monk_grotto,
          nicolae_nh_oracle_at_delphi
D:3:      layout_loops_ring, fedhas_altar_4, cheibrodos_sewer_entry_drain
D:4:      layout_gridville, kennysheep_generic_room_4
D:5:      layout_rooms, uniq_menkaure, uniq_sigmund

Notes
Turn   | Place    | Note
-------+----------+-------------------------------------------
     0 | D:1      | Ruich the Tengu Air Elementalist began the quest for the
                  | Orb.
     0 | D:1      | Reached XP level 1. HP: 10/10 MP: 4/4
   233 | D:1      | Reached XP level 2. HP: 15/15 MP: 4/6
   397 | D:1      | Reached skill level 2 in Conjurations
   638 | D:1      | Learned a level 2 spell: Static Discharge
   883 | D:2      | Reached XP level 3. HP: 16/19 MP: 1/7
  1318 | D:2      | Found The Oracle's Delphic Readings.
  1427 | D:2      | Found a faded altar of an unknown god.
  1455 | D:2      | Prayed at the altar of an unknown god.
  1455 | D:2      | Became a worshipper of Lugonu the Unformed
  1455 | D:2      | Reached * piety under Lugonu
  2171 | D:2      | Reached skill level 5 in Air Magic
  2171 | D:2      | Reached XP level 4. HP: 11/24 MP: 1/8
  2413 | D:3      | Found a glowing drain.
  2486 | Sewer    | Entered a sewer
  2871 | Sewer    | Reached XP level 5. HP: 28/28 MP: 3/9
  2935 | Sewer    | Reached ** piety under Lugonu
  2936 | Sewer    | Reached skill level 3 in Conjurations
  3227 | Sewer    | Reached skill level 1 in Invocations
  3604 | Sewer    | Reached skill level 3 in Stealth
  3646 | Sewer    | Reached skill level 3 in Spellcasting
  3646 | Sewer    | Reached XP level 6. HP: 26/32 MP: 3/11
  3859 | D:3      | Reached skill level 6 in Air Magic
  3899 | D:3      | Learned a level 3 spell: Swiftness
  4343 | D:3      | Found a blossoming altar of Fedhas.
  4710 | D:4      | Identified the +0 pair of boots "Juonon" {Fly rN+}
  4958 | D:4      | Learned a level 4 spell: Airstrike
  5241 | D:4      | Reached skill level 4 in Conjurations
  5241 | D:4      | Reached skill level 2 in Invocations
  5241 | D:4      | Gained mutation: Your magical flight helps you evade
                  | attacks. (EV +4) [Tengu growth]
  5241 | D:4      | Reached XP level 7. HP: 26/36 MP: 4/13
  5372 | D:4      | Reached *** piety under Lugonu
  5429 | D:4      | Reached skill level 7 in Air Magic
  5806 | D:4      | Reached skill level 4 in Stealth
  5967 | D:5      | Entered Level 5 of the Dungeon
  6515 | D:5      | Reached XP level 8. HP: 41/41 MP: 10/14
  6523 | D:5      | Reached skill level 5 in Conjurations
  6602 | D:5      | Noticed Sigmund
  6604 | D:5      | Reached skill level 4 in Spellcasting
  6604 | D:5      | Reached skill level 8 in Air Magic
  6760 | D:5      | Banished Sigmund
  6761 | D:5      | Reached skill level 3 in Invocations
  7013 | D:5      | Noticed Menkaure
  7014 | D:5      | Banished Menkaure
  7020 | D:5      | Reached skill level 1 in Fighting
  7020 | D:5      | Reached skill level 9 in Air Magic
  7033 | D:5      | HP: 4/43 [killer bee (7)]
  7035 | D:5      | Reached skill level 3 in Dodging
  7035 | D:5      | HP: 1/43 [poisoned by a killer bee]
  7036 | D:5      | Succumbed to a killer bee's poison

Vanquished Creatures
  A bullfrog (Sewer)
  3 scorpions
  4 killer bees (D:5)
  2 howler monkeys (D:4)
  3 bombardier beetles
  2 orc priests
  2 jellies
  3 iguanas
  2 orc wizards
  6 adders
  A shadow imp (D:5)
  12 dart slugs
  2 ribbon worms (D:4)
  12 orcs
  12 ball pythons
  10 bats
  11 endoplasms
  11 giant cockroaches
  4 hobgoblins
  3 jackals (D:1)
  2 quokkas
  10 frilled lizards
  6 goblins
  6 kobolds
  9 rats
139 creatures vanquished.

Table legend: (Time is in decaauts)
 A = Elapsed time spent in this place.
 B = Non-inter-level travel time spent in this place.
 C = Inter-level travel time spent in this place.
 D = Time resting spent in this place.
 E = Time spent auto-exploring this place.
 F = Levels seen in this place.
 G = Mean time per level.
                   A        B        C        D        E       F      G
               +--------+--------+--------+--------+--------+-----+--------+
         Total |   7122 |   6958 |    164 |   2793 |   2877 |   6 | 1187.0 |
       Dungeon |   5787 |   5623 |    164 |   1984 |   2655 |   5 | 1157.4 |
         Sewer |   1334 |   1334 |      0 |    809 |    222 |   1 | 1334.0 |
               +--------+--------+--------+--------+--------+-----+--------+

Top non-repeatable levels by time:
     D:4: 1521 daAuts
     D:2: 1340 daAuts
   Sewer: 1334 daAuts
     D:3: 1229 daAuts
     D:1: 869 daAuts
     D:5: 826 daAuts

Table legend:
 A = Non-vault XP
 B = Vault XP
 C = Vault XP percentage of total XP
 D = Non-vault monster count
 E = Vault monster count
 F = Vault count percentage of total count
                 A         B        C        D         E       F
            +---------+---------+-------+---------+---------+-------
      Total |    1596 |     629 |  28.3 |      92 |      53 |  36.6
            +---------+---------+-------+---------+---------+-------
        D:1 |      30 |       2 |   6.2 |      21 |       1 |   4.5
        D:2 |      57 |       3 |   5.0 |      12 |       2 |  14.3
        D:3 |     121 |       5 |   4.0 |      16 |       3 |  15.8
        D:4 |     537 |       3 |   0.6 |      22 |       1 |   4.3
        D:5 |     851 |     401 |  32.0 |      21 |       2 |   8.7
      Sewer |       0 |     215 | 100.0 |       0 |      44 | 100.0
            +---------+---------+-------+---------+---------+-------
